 Dungeon Crawl Stone Soup version 0.21-a0-94-gdd6ab6a (webtiles) character file.

38 Lavandula the Bolt Thrower (level 3, 0/26 HPs)
             Began as a Mummy Arcane Marksman on July 2, 2017.
             Slain by an iguana (8 damage)
             ... on level 3 of the Dungeon.
             The game lasted 00:04:22 (796 turns).

Lavandula the Bolt Thrower (Mummy Arcane Marksman)   Turns: 796, Time: 00:04:22

Health: 0/26       AC:  3    Str: 13    XL:     3   Next: 25%
Magic:  2/5        EV: 11    Int: 12    God:
Gold:   46         SH:  0    Dex: 13    Spells: 1/4 levels left

rFire    x . .     SeeInvis .   a - +0 hand crossbow
rCold    + . .     Gourm    .   (no shield)
rNeg     + + +     Faith    .   k - +0 leather armour
rPois    ∞         Spirit   .   (no helmet)
rElec    .         Reflect  .   (no cloak)
rCorr    .         Harm     .   (no gloves)
MR       .....                  (no boots)
Stlth    +.........             (no amulet)
HPRegen  0.08/turn              (no ring)
MPRegen  0.09/turn              (no ring)

@: no status effects
A: no food or potions, fire vulnerability, cold resistance 1, negative energy
resistance 3, torment resistance, unbreathing
a: no special abilities


You were on level 3 of the Dungeon.
You were not hungry.

You visited 1 branch of the dungeon, and saw 3 of its levels.

You collected 46 gold pieces.

Inventory:

Hand Weapons
 a - a +0 hand crossbow (weapon)
 i - a +3 lajatang
Missiles
 d - 10 bolts (quivered)
Armour
 e - a +0 robe
 f - a +0 ring mail
 k - a +0 leather armour (worn)
Wands
 j - a wand of flame (28/48)
 l - a wand of random effects (22/48)
Scrolls
 b - 2 scrolls of identify {unknown}
 g - a scroll of fog {unknown}
 h - a scroll of magic mapping {unknown}
Books
 c - a book of Debilitation

   Spells                             Type                      Level
   a - Corona                         Hexes                        1
   b - Slow                           Hexes                        2
   c - Inner Flame                    Hexes/Fire                   3
   d - Portal Projectile              Hexes/Translocation          3
   e - Cause Fear                     Hexes                        4
   f - Leda's Liquefaction            Hexes/Earth                  4


   Skills:
 - Level 1.0 Fighting
 + Level 1.0 Staves
 - Level 2.7 Crossbows
 - Level 1.5 Dodging
 - Level 1.3 Spellcasting
 - Level 2.6 Hexes


You had one spell level left.
You knew the following spells:

 Your Spells              Type           Power        Failure   Level  Hunger
a - Corona                Hex            #......      12%         1    N/A
b - Slow                  Hex            #.......     19%         2    N/A

Dungeon Overview and Level Annotations

Branches:
Dungeon (3/15)

Altars:
Trog


Innate Abilities, Weirdness & Mutations

You do not eat or drink.
Your flesh is vulnerable to fire.
You are immune to poison.
Your flesh is cold resistant. (rC+)
You are immune to negative energy. (rN+++)
You are immune to unholy pain and torment.
You can survive without breathing.


Message History

Aim: an iguana (chance to defeat MR: 50%)
The iguana is outlined in light.
The iguana closely misses you.
Firing (i - inventory):
d - 13 bolts (quivered)
Press: ? - help, Shift-Dir - straight line, f/p - iguana
Aim: an iguana (softly glowing)
You shoot a bolt. The bolt hits the iguana!
The iguana is moderately wounded.
The iguana bites you!
Firing (i - inventory):
d - 12 bolts (quivered)
Press: ? - help, Shift-Dir - straight line, f/p - iguana
Aim: an iguana (moderately wounded, softly glowing)
You shoot a bolt.
The bolt hits the iguana but does no damage.
The iguana is moderately wounded.
The iguana barely misses you. The iguana misses you.
Firing (i - inventory):
d - 11 bolts (quivered)
Press: ? - help, Shift-Dir - straight line, f/p - iguana
Aim: an iguana (moderately wounded, softly glowing)
You shoot a bolt. The bolt barely misses the iguana.
The iguana bites you!
You die...

#.........#.....# #.#
###..#....##....# #.#
#..##.....[...#######
#..####.##...........
...# #.##..#†######
##.## #.##..#># #..
..##....# ###
#####.### #@# #l# #.#
# ## .### #.# # #.
...## #.# # #. ....
... # #.#.#.#### ...
# #........ .(. #
#..#..# #


You could see an iguana.

Vanquished Creatures
  A worm (D:3)
  A leopard gecko (D:3)
  5 orcs (D:3)
  4 bats
  2 giant cockroaches (D:3)
  2 goblins (D:3)
  2 hobgoblins (D:2)
  4 jackals (D:2)
  A frilled lizard (D:3)
  A kobold (D:3)
  3 rats
26 creatures vanquished.

Notes
Turn   | Place    | Note
-------+----------+-------------------------------------------
     0 | D:1      | Lavandula the Mummy Arcane Marksman began the quest for the Orb.
     0 | D:1      | Reached XP level 1. HP: 15/15 MP: 2/2
   156 | D:2      | Reached XP level 2. HP: 14/21 MP: 2/4
   472 | D:2      | Found a bloodstained altar of Trog.
   647 | D:3      | Reached XP level 3. HP: 24/26 MP: 2/5
   746 | D:3      | Learned a level 2 spell: Slow
   792 | D:3      | Reached skill level 1 in Staves
   796 | D:3      | Slain by an iguana

Vault maps used:
D:1:      saegor_arrival_simple_f
D:2:      bloody_trog
D:3:      chequers_ecumenical_altar_twisty

Skill      XL: |  1  2  3 |
---------------+----------+-----
Crossbows      | 2 |  2.7
Staves         | 1 |  1.0
Fighting       | |  1.0
Dodging        | |  1.5
Spellcasting   | |  1.3
Hexes          | |  2.6

Action                   || total
-------------------------++-------
Melee: Lajatang          ||    27
 Fire: Hand crossbow     ||    43
 Cast: Corona            ||    19
Armor: Robe              ||     9
       Leather armour    ||    10
Dodge: Dodged            ||    50
